Map: Submarine LE

Players

SuperNova

  • Race: Terran Terran
  • League: Grandmaster
  • Spawn Location: 11:00

Solar - Winner!

  • Race: Zerg Zerg
  • League: Master
  • Spawn Location: 5:00

Event: War Chest Team League

VOD

Have the link to the VOD?

Description

Time

  • Played on: Aug. 16, 2020, 7:05 a.m.
  • Length: 7:12
Show
View Real Time Build Order
Export as new Build Order

SuperNova Terran 

Build Orders: Reaper Expand, Hellion Banshee 

Get SALT Encoding   

  12  0:00  SCV  
  13  0:12  SCV  
  14  0:17  Supply Depot  
  14  0:24  SCV  
  15  0:39  SCV  
  15  0:41  Barracks  
  16  0:44  Refinery  
  16  0:51  SCV  
  17  1:03  SCV  
  18  1:15  SCV  
  19  1:30  Orbital Command, Reaper  
  20  1:39  Command Center  
  20  1:48  Supply Depot  
  20  1:55  SCV  
  21  2:01  Marine  
  21  2:06  Factory  
  21  2:08  SCV  
  23  2:14  Refinery  
  23  2:21  Refinery  
  23  2:23  Barracks Reactor  
  23  2:26  SCV  
  24  2:38  SCV  
  25  2:50  SCV  
  26  2:52  Orbital Command  
  26  2:55  Starport  
  26  3:02  SCV  
  26  3:04  Hellion x2  
  31  3:07  Barracks Tech Lab  
  31  3:14  SCV  
  31  3:18  SCV  
  33  3:23  Supply Depot  
  33  3:25  Hellion  
  35  3:28  SCV  
  35  3:30  SCV  
  35  3:31  Hellion  
  39  3:38  Cloaking Field  
  39  3:40  Banshee  
  42  3:45  SCV  
  42  3:47  Supply Depot  
  43  3:51  SCV  
  43  3:53  Hellion  
  43  3:54  Hellion  
  48  4:00  Armory  
  48  4:04  SCV  
  48  4:05  SCV  
  50  4:12  Supply Depot  
  50  4:15  Hellion  
  50  4:16  Hellion  
  54  4:21  SCV x2  
  54  4:22  Banshee  
  59  4:33  SCV x2  
  59  4:34  Supply Depot  
  65  4:38  Hellion x2  
  65  4:45  SCV x2  
  67  4:57  SCV x2  
  68  5:07  Banshee  
  68  5:09  SCV x2  
  68  5:10  Hellion x2  
  61  5:21  SCV  
  61  5:22  Supply Depot  
  61  5:24  Refinery  
  61  5:25  Command Center  
  61  5:26  Refinery  
  56  5:29  SCV  
  56  5:31  Hellion  
  56  5:34  SCV  
  62  5:35  Hellion  
  62  5:41  SCV  
  62  5:42  Factory  
  61  5:46  SCV  
  60  5:50  Banshee  
  60  5:53  SCV  
  64  5:58  SCV  
  64  6:02  Hellion  
  64  6:03  Hellion  
  69  6:05  SCV  
  69  6:08  Barracks Tech Lab  
  69  6:10  SCV  
  71  6:12  Factory  
  69  6:23  Hellion  
  60  6:51  SCV  
Show
View Real Time Build Order
Export as new Build Order

Solar Zerg - Winner!

Build Orders: Hatch First 

Get SALT Encoding   

  12  0:01  Drone  
  13  0:13  Overlord  
  13  0:17  Drone  
  14  0:32  Drone x2  
  16  0:47  Hatchery  
  15  0:50  Drone  
  15  0:54  Drone  
  17  0:57  Drone  
  18  1:09  Extractor  
  17  1:13  Spawning Pool  
  17  1:16  Drone  
  17  1:20  Drone  
  18  1:28  Drone  
  19  1:39  Drone  
  20  1:50  Drone  
  21  1:59  Queen x2  
  21  2:00  Zergling x4  
  27  2:12  Overlord  
  27  2:13  Drone  
  28  2:25  Drone  
  28  2:30  Metabolic Boost  
  28  2:31  Drone  
  28  2:32  Drone  
  28  2:35  Queen  
  32  2:43  Drone  
  33  2:51  Overlord, Drone  
  34  3:03  Drone x2  
  36  3:10  Hatchery  
  36  3:12  Drone x5  
  40  3:14  Drone  
  40  3:18  Queen  
  43  3:24  Overlord  
  43  3:25  Drone  
  44  3:33  Drone  
  44  3:36  Roach Warren, Drone  
  44  3:43  Drone x3  
  44  3:47  Drone  
  48  3:48  Drone  
  48  3:50  Zergling x6  
  52  3:57  Lair  
  52  3:59  Extractor x2  
  52  4:00  Overlord  
  50  4:04  Queen  
  50  4:08  Overlord  
  52  4:10  Overlord  
  52  4:17  Spore Crawler  
  52  4:20  Drone  
  52  4:22  Spore Crawler  
  52  4:23  Drone x3  
  53  4:28  Pneumatized Carapace  
  54  4:31  Zergling x4  
  54  4:33  Roach  
  54  4:36  Roach  
  59  4:40  Roach  
  59  4:42  Roach  
  63  4:46  Roach  
  63  4:50  Queen  
  67  4:56  Roach x2  
  67  4:58  Overlord  
  71  5:01  Overseer  
  71  5:06  Roach  
  70  5:17  Roach x2  
  70  5:19  Roach x2  
  69  5:21  Zergling x8  
  69  5:26  Zergling x6  
  75  5:29  Roach  
  75  5:32  Zergling x4  
  78  5:37  Overlord  
  78  5:39  Overlord  
  77  5:45  Ravager x2  
  77  5:46  Ravager  
  77  5:47  Zergling x2  
  77  5:48  Zergling x2  
  78  5:53  Queen  
  78  5:56  Ravager  
  78  5:57  Zergling x2  
  82  6:04  Zergling x8  
  82  6:06  Ravager  
  82  6:08  Zergling x4  
  87  6:19  Zergling x10  
  87  6:21  Drone  
  87  6:23  Ravager  
  94  6:27  Queen  
  94  6:28  Drone  
  94  6:35  Drone  
  94  6:37  Drone  
  94  6:38  Drone  
  93  6:40  Drone  
  93  6:43  Drone  
  93  6:45  Drone  
  96  6:49  Drone  
  96  6:53  Drone x2  
Tags
 
Add a new tag
Caveats
  • Supply blocks, unpowered buildings, or Contaminate may cause inaccurate times.
  • Supply counts are checked every 10 seconds.